 Dungeon Crawl Stone Soup version 0.29.1-15-g9cfb28693d (webtiles) character file.

Game seed: 12627899003984272839

439 hawla the Firebug (level 7, -7/50 HPs)
             Began as a Meteoran Fire Elementalist on Mar 8, 2023.
             Mangled by a wraith (8 damage)
             ... in an ossuary.
             The game lasted 00:03:54 (502 turns).

hawla the Firebug (Meteoran Fire Elementalist)       Turns: 502, Time: 00:03:55

Health: -7/50      AC:  2    Str:  6 (9)  XL:     7   Next: 46%
Magic:  2/14       EV: 13    Int: 16 (18) God:
Gold:   15         SH:  0    Dex: 14 (16) Spells: 7/14 levels left

rFire   . . .      SeeInvis .   b - +0 long sword
rCold   . . .      Faith    .   (no shield)
rNeg    . . .      Spirit   .   a - +0 robe
rPois   .          Reflect  .   (no helmet)
rElec   .          Harm     .   (no cloak)
rCorr   .          Rampage  .   (no gloves)
Will    .....                   (no boots)
Stlth   +.........              (no amulet)
HPRegen 0.16/turn               (no ring)
MPRegen 0.14/turn               (no ring)

@: mighty, attractive, flying, slowed, glowing, very slow
A: sense surroundings 1, otherworldly, glowing, explore regen
a: no special abilities


You were in an ossuary.
You visited 1 branch of the dungeon, and saw 5 of its levels.
You also visited: Ossuary.

You collected 15 gold pieces.

Inventory:

Hand Weapons
 b - a +0 long sword (weapon)
Armour
 a - a +0 robe (worn)
Jewellery
 f - a +4 ring of evasion
 g - a ring of see invisible
Wands
 p - a wand of roots (8) (quivered)
Scrolls
 h - 2 scrolls of enchant armour {unknown}
 j - a scroll of silence {unknown}
 m - a scroll of teleportation {unknown}
 o - a scroll of enchant weapon {unknown}
Potions
 d - a potion of might
 i - a potion of berserk rage {unknown}
 l - a potion of cancellation {unknown}
 n - a potion of attraction


   Skills:
 - Level 3.2 Dodging
 - Level 1.4 Stealth
 - Level 4.1 Spellcasting
 + Level 5.7 Conjurations
 - Level 6.1 Fire Magic


You had 7 spell levels left.
You knew the following spells:

 Your Spells              Type           Power      Damage    Failure   Level
a - Foxfire               Conj/Fire      88%        2x1d8     1%          1
b - Scorch                Fire           44%        2d7       1%          2
c - Flame Wave            Conj/Fire      22%        2d8       14%         4

Your spell library contained the following spells:

 Spells                   Type           Power      Damage    Failure   Level
 Conjure Flame            Conj/Fire      22%        6-21      4%          3
 Inner Flame              Hex/Fire       13%        N/A       14%         3


Dungeon Overview and Level Annotations

Branches:
Dungeon (6/15) Zot: 2666  Ossuary (1/1) Zot: 426
 Temple: D:4-7

Altars:

Shops:
D:6 :


Innate Abilities, Weirdness & Mutations

You passively map a small area around you.
You are easily found by Zot.
You glow in the dark.
You regain HP and MP as you explore.


Message History

You feel very mighty all of a sudden. The wraith hits you.
* * * LOW HITPOINT WARNING * * *
The wraith hits you but does no damage.
You feel better.
The wraith is no longer more vulnerable to fire.
The wraith closely misses you.
You barely miss the wraith.
The wraith is moderately damaged.
The wraith hits you!
* * * LOW HITPOINT WARNING * * *
The wraith drains your vigour!
You feel as though you will be slow longer.
The wraith hits you.
* * * LOW HITPOINT WARNING * * *
The wraith drains your vigour!
You feel as though you will be slow longer.
You feel better. The wraith barely misses you. x2
It was a potion of degeneration.
There was something very wrong with that liquid.
You feel weakened.
You feel dopey.
You feel clumsy. The wraith hits you.
* * * LOW HITPOINT WARNING * * *
The wraith drains your vigour!
You feel as though you will be slow longer.
You feel better. The wraith barely misses you. The wraith hits you.
* * * LOW HITPOINT WARNING * * *
The wraith drains your vigour!
You feel as though you will be slow longer.
It was a potion of attraction.
You feel attractive to monsters. The wraith barely misses you.
It was a potion of flight.
You feel very buoyant.
You fly up into the air.
The wraith hits you.
* * * LOW HITPOINT WARNING * * *
The wraith drains your vigour!
You feel as though you will be slow longer.
The wraith hits you!
You die...

# #...............#
###.###.......###.#
..'.#z#.......#z#.#
###.###.......###.#
# #...............#
# #.###..###..###.#
#.# #..#,#..#.#.#
#.+ #..###..##W.#
#..,..........@.#
#################


You could see a wraith.

Vanquished Creatures
  Grinder (D:4)
  An ice beast (D:6)
  A bullfrog (D:6)
  A wight (Ossuary)
  2 orc wizards (D:6)
  An ufetubus (D:6)
  2 orcs (D:6)
  A hobgoblin (D:1)
  2 quokkas
  A ball python (D:4)
  3 ball python skeletons (Ossuary)
  A frilled lizard (D:1)
  A hobgoblin skeleton (Ossuary)
  A kobold (D:3)
  An orc skeleton (Ossuary)
  4 orc zombies (Ossuary)
  A rat (D:3)
25 creatures vanquished.

Vanquished Creatures (others)
  24 foxfires
24 creatures vanquished.

Grand Total: 49 creatures vanquished

Notes
Turn   | Place    | Note
-------+----------+-------------------------------------------
     0 | D:1      | hawla the Meteoran Fire Elementalist began the quest for
                  | the Orb.
     0 | D:1      | Reached XP level 1. HP: 14/14 MP: 5/5
    87 | D:3      | Reached skill level 4 in Fire Magic
   116 | D:3      | Reached XP level 2. HP: 20/20 MP: 4/6
   119 | D:3      | Learned a level 2 spell: Scorch
   134 | D:4      | Noticed Grinder
   141 | D:4      | Killed Grinder
   142 | D:4      | Reached skill level 6 in Fire Magic
   142 | D:4      | Reached XP level 3. HP: 3/26 MP: 1/9
   142 | D:4      | Reached XP level 4. HP: 4/33 MP: 1/11
   142 | D:4      | Reached XP level 5. HP: 4/38 MP: 1/12
   142 | D:4      | Reached XP level 6. HP: 5/45 MP: 1/13
   147 | D:4      | Learned a level 4 spell: Flame Wave
   183 | D:4      | You fall into a shaft and drop 2 floors!
   196 | D:6      | Noticed an ice beast
   205 | D:6      | Killed an ice beast
   206 | D:6      | Reached XP level 7. HP: 27/50 MP: 1/14
   263 | D:6      | Found Senobiczai's Self-Improvement Boutique.
   309 | D:6      | Reached skill level 5 in Conjurations
   314 | D:6      | Found a sand-covered staircase.
   335 | Ossuary  | Entered an ossuary
   425 | Ossuary  | Noticed a flying skull
   425 | Ossuary  | Noticed a wraith
   432 | Ossuary  | Noticed a flying skull
   438 | Ossuary  | Noticed a flying skull
   464 | Ossuary  | Noticed a flying skull
   490 | Ossuary  | Noticed a wraith
   502 | Ossuary  | HP: 1/50 [wraith (6)]
   502 | Ossuary  | Mangled by a wraith

Illustrated notes

Levels and vault maps discovered:
D:1:      wander_arrival_peaceful_grave, layout_loops_ring,
          shapermc_ecumenical_altar_mp_vishouse, chequers_serial_rivers_micro_a,
          minmay_door_square
D:2:      layout_basic
D:3:      layout_loops_cross, kennysheep_slug_shrine, kennysheep_pointless_box,
          uniq_ijyb
D:4:      layout_gridville, mainiacjoe_overflow_alcove_1, minmay_hedge_maze,
          uniq_grinder
D:6:      layout_gridville, nicolae_vehumet_altar_sigil,
          minmay_temple_entry_arrows, nicolae_ossuary_entry_plus,
          nicolae_shop_self_help
Ossuary:  ossuary_due_cavern

Skill      XL: |  1  2  3  4  5  6  7 |
---------------+----------------------+-----
Fire Magic     | 4 6 |  6.1
Dodging        | 3 |  3.2
Spellcasting   | 4 |  4.1
Conjurations   | 4 5 |  5.7
Stealth        | |  1.4

Action                   |  1- 3 |  4- 6 |  7- 9 || total
-------------------------+-------+-------+-------++-------
Melee: Unarmed           |     4 |       |     1 ||     5
       Long sword        |       |       |     2 ||     2
 Cast: Foxfire           |     8 |     4 |     3 ||    15
       Scorch            |     5 |     5 |     6 ||    16
       Flame Wave        |       |       |     6 ||     6
  Use: Potion            |     1 |       |     8 ||     9
       Scroll            |       |     2 |     1 ||     3
Armor: Robe              |       |       |     8 ||     8
Dodge: Dodged            |     6 |     3 |    18 ||    27
